 Dungeon Crawl Stone Soup version 0.24.1-14-gf8d2b509d9 (webtiles) character file.

Game seed: 6717061938175121165, levelgen mode: deterministic

74498 Mrkan the Spry (level 15, -9/124 HPs)
             Began as a Merfolk Gladiator on May 22, 2020.
             Was the Champion of Okawaru.
             Killed from afar by a balrug (16 damage)
             ... with a fireball
             ... on level 1 of the Abyss.
             The game lasted 00:51:54 (21204 turns).

Mrkan the Spry (Merfolk Gladiator)                 Turns: 21204, Time: 00:51:54

Health: -9/124     AC: 10    Str: 20 (22) XL:     15   Next: 47%
Magic:  13/13      EV: 28    Int:  5 (7)  God:    Okawaru [******]
Gold:   1334       SH: 14    Dex: 17 (19) Spells: 14/14 levels left

rFire    + . .     SeeInvis .   W - +1 trident of the Goat {elec, MR+ Str+6}
rCold    + + .     Gourm    .   l - +0 shield
rNeg     . . .     Faith    .   q - +3 troll leather armour
rPois    .         Spirit   .   c - +0 helmet
rElec    .         Reflect  .   R - scarf {rC+ rF+}
rCorr    .         Harm     .   i - +0 pair of gloves
MR       ++...                  o - +0 pair of boots
Stlth    +.........             (no amulet)
HPRegen  0.70/turn              v - +3 ring of evasion
MPRegen  0.13/turn              a - ring of protection from cold

@: liquid flames, about to teleport, glowing
A: change form in water, swift swim, stealthy swim, clumsy 1, deterioration 1,
low mp 1, no potion heal 1
a: Heroism, Finesse, Renounce Religion


You were on level 1 of the Abyss.
You worshipped Okawaru.
Okawaru was exalted by your worship.
You were not hungry.

You visited 2 branches of the dungeon, and saw 17 of its levels.
You visited the Abyss 1 time.
You also visited: Bailey.

You collected 1334 gold pieces.

Inventory:

Hand Weapons
 z - a +6 spear of piercing
 W - the +1 trident of the Goat (weapon) {elec, MR+ Str+6}
   (Okawaru gifted it to you on level 6 of the Lair of Beasts)

   Occasionally, upon striking a foe, it will discharge some electrical energy
   and cause terrible harm.
   It affects your strength (+6).
   It affects your resistance to hostile enchantments.
Missiles
 d - 3 throwing nets
 J - a silver javelin (quivered)
 L - 17 javelins
Armour
 c - a +0 helmet (worn)
 i - a +0 pair of gloves (worn)
 l - a +0 shield (worn)
 o - a +0 pair of boots (worn)
 q - a +3 troll leather armour (worn)
 G - a +3 ring mail of positive energy
 O - +0 gold dragon scales
 R - a scarf of resistance (worn)
Jewellery
 a - a ring of protection from cold (right hand)
 b - an uncursed ring of wizardry
 m - an uncursed ring of protection from cold
 r - a cursed ring of attention {unknown}
 v - a +3 ring of evasion (left hand)
 A - an uncursed ring of magical power {unknown}
 T - an uncursed amulet of magic regeneration {unknown}
Wands
 h - a wand of enslavement (10)
 p - a wand of polymorph (12)
 s - a wand of acid (7)
 y - a wand of random effects (28)
 H - a wand of iceblast (12)
 X - a wand of scattershot (8)
Scrolls
 k - a scroll of amnesia
 t - 6 scrolls of teleportation
 w - 5 scrolls of magic mapping
 x - 3 scrolls of immolation
 B - 5 scrolls of identify
 F - 2 scrolls of remove curse
 N - a scroll of silence
 S - a scroll of fear {unknown}
 U - a scroll of brand weapon {unknown}
 Y - a scroll of enchant armour
Potions
 e - a potion of invisibility
 g - a potion of ambrosia {unknown}
 j - 8 potions of haste
 n - 3 potions of agility
 u - 10 potions of curing
 C - 5 potions of brilliance
 D - a potion of might
 E - a potion of cancellation
 I - a potion of lignification {unknown}
 M - a potion of magic
 P - a potion of resistance {unknown}
 V - 2 potions of berserk rage {unknown}
Comestibles
 f - 34 rations


   Skills:
 + Level 13.4 Fighting
 - Level 15.7 Polearms
 - Level 2.0 Throwing
 * Level 16.9 Dodging
 - Level 15.0 Shields


You had 14 spell levels left.
You didn't know any spells.
Your spell library contained the following spells:

 Spells                   Type           Power        Failure   Level  Hunger
 Animate Skeleton         Necr           N/A          54%         1    ##.....
 Apportation              Tloc           #.....       54%         1    ##.....
 Beastly Appendage        Tmut           #.....       54%         1    ##.....
 Confusing Touch          Hex            #.....       54%         1    ##.....
 Pain                     Necr           #...         54%         1    ##.....
 Summon Small Mammal      Summ           #...         54%         1    ##.....
 Call Imp                 Summ           #.......     67%         2    ###....
 Sticks to Snakes         Tmut           #.......     67%         2    ###....
 Call Canine Familiar     Summ           #.......     88%         3    ####...
 Spider Form              Tmut/Pois      #.........   88%         3    ####...
 Summon Guardian Golem    Hex/Summ       #.......     88%         3    ####...
 Cause Fear               Hex            #.........   99%         4    #####..
 Ice Form                 Ice/Tmut       #.......     99%         4    #####..
 Summon Ice Beast         Ice/Summ       #.......     99%         4    #####..
 Summon Lightning Spire   Summ/Air       #.......     99%         4    #####..
 Blade Hands              Tmut           #.........   100%        5    ######.
 Silence                  Hex/Air        #.........   100%        5    ######.
 Yara's Violent Unravell  Hex/Tmut       #.........   100%        5    ######.
 Deflect Missiles         Chrm/Air       #.........   100%        6    #######
 Discord                  Hex            #.........   100%        8    #######


Dungeon Overview and Level Annotations

Branches:
Dungeon (11/15)            Temple (0/1) D:6            Lair (6/6) D:8
 Shoals (0/4) Lair:4       Spider (0/4) Lair:3        Slime (0/5) Lair:5
 Bailey (visited)
    Orc: D:9-12

Altars:
Ashenzari
Dithmenos
Gozag
Kikubaaqudgha
Nemelex Xobeh
Okawaru
Qazlal
Ru
Sif Muna
Vehumet
Wu Jian
Xom
Yredelemnul
Zin

Shops:
D:7 %

Annotations:
D:8 1 runed translucent door, H0rd4k's ghost, novice HuAr
D:11 Psyche
Lair:4 3 runed translucent doors, Ocaaqon's ghost, journeyman DsCK
Lair:5 exclusion: 3 oklob plants


Innate Abilities, Weirdness & Mutations

You revert to your normal form in water.
You are very nimble and swift while swimming.
You are very stealthy in the water. (Stealth+)
You are clumsy. (Dex -2)
Your body sometimes deteriorates upon taking damage.
Your magical capacity is low. (-10% MP)
Potions are less effective at restoring your health.


Message History

The quasit completely misses you. You block the quasit's attack.
The quasit closely misses you. The balrug gestures at you.
The fireball explodes!
The fireball engulfs you! You resist.
* * * LOW HITPOINT WARNING * * *
The fireball engulfs the quasit!!
The quasit resists.
The quasit dies!
The fireball engulfs the balrug.
The balrug completely resists.
The balrug gestures at you.
The sticky flame hits you but does no damage.
You are covered in liquid flames!
The neqoxec is lost in a daze.
You are covered in liquid flames!
* * * LOW HITPOINT WARNING * * *
The sun demon completely misses you. The reaper completely misses you.
You are covered in liquid flames!
* * * LOW HITPOINT WARNING * * *
The balrug gestures at you.
The fireball explodes!
The fireball engulfs you! You resist.
You die...

.... .... . ## #....
..... .. ##...# #
..###.# .# #.....#
....#.## #.# # .
##...###...#.#...### #
..#....Y#.....#... .
..#
......2233....#.......
# .................
.....#
.......@......##
...... ..#.....#.....#
§. .#..#
....#####...#..# #.#
## #... ####..#..#.5.
.#. ...# ##†.#.# #
.#...##.#3#. .##
.#..#. # .#5.. #.#555


You could see a hellephant (dazed), a reaper, a balrug (dazed), a sun demon and
a neqoxec (dazed).

Vanquished Creatures
  2 very ugly things (Abyss:1)
  A blizzard demon (Abyss:1)
  A fire dragon (Lair:6)
  A rakshasa (Abyss:1)
  4 hydras
  Harold (D:7)
  Fannar (Lair:3)
  11 death yaks (Lair:6)
  2 two-headed ogres
  A thrashing horror (Abyss:1)
  Sonja (Lair:5)
  3 skeletal warriors (D:11)
  A quicksilver dragon simulacrum (Abyss:1)
  A sixfirhy (Abyss:1)
  Pikel (D:6)
  An orc knight (Bailey)
  A lindwurm (Lair:6)
  2 oklob plants
  3 ugly things
  A manticore (Lair:4)
  A worldbinder (Abyss:1)
  7 black mambas
  A gargoyle (D:11)
  2 smoke demons (Abyss:1)
  A rust devil (Abyss:1)
  12 spiny frogs
  An apocalypse crab (Abyss:1)
  2 molten gargoyles (Lair:6)
  An orange demon (Abyss:1)
  A torpor snail (Lair:3)
  A rime drake (Lair:5)
  14 komodo dragons
  2 ancient zymes (Abyss:1)
  3 trolls
  2 polar bears (Lair:5)
  4 large abominations (Abyss:1)
  A hornet (D:8)
  6 hippogriffs
  A raiju (Abyss:1)
  Prince Ribbit (D:6)
  5 slime creatures
  5 dream sheep (Lair:6)
  11 blink frogs
  2 redbacks (Lair:3)
  3 wyverns
  A spriggan (D:9)
  Eustachio (D:4)
  A ynoxinul (Abyss:1)
  10 yaks
  5 basilisks
  A steam dragon (Lair:6)
  A hungry ghost (D:8)
  A neqoxec (Abyss:1)
  Menkaure (D:4)
  6 hell hounds
  7 water moccasins
  10 porcupines
  Duvessa (D:6)
  6 ice beasts
  A slave (D:6)
  A black bear (D:9)
  6 orc warriors
  A phantom (D:7)
  2 sky beasts
  9 wolves
  2 centaurs
  3 ogres
  9 crocodiles
  2 big kobolds
  14 bullfrogs
  Dowan (D:6)
  A wyvern skeleton (D:10)
  A scorpion (D:5)
  15 killer bees
  An electric eel (D:8)
  2 howler monkeys
  5 crimson imps
  4 lava snakes (Lair:6)
  2 centaur zombies
  2 quasits
  2 bullfrog skeletons
  3 bullfrog zombies (D:10)
  An iron imp (Abyss:1)
  6 hounds
  6 jellies
  3 centaur skeletons
  9 orc priests
  3 orc wizards
  2 iguanas
  8 worker ants
  3 small abominations (Abyss:1)
  A killer bee zombie (D:5)
  A hound skeleton (D:9)
  Robin (D:3)
  A howler monkey zombie (D:5)
  11 gnolls
  A howler monkey skeleton (D:4)
  16 adders
  A shadow imp (D:10)
  An ufetubus (Abyss:1)
  4 oozes
  3 adder skeletons
  2 worms (D:2)
  4 leopard geckos
  39 orcs
  4 giant cockroaches
  17 goblins
  10 hobgoblins
  7 jackals
  6 quokkas
  4 ball pythons
  7 bats
  3 frilled lizards (D:2)
  A jackal skeleton (D:6)
  15 kobolds
  A leopard gecko skeleton (D:4)
  A quokka zombie (D:7)
  6 rats
  A fungus (Lair:4)
  2 plants
483 creatures vanquished.

Vanquished Creatures (others)
  A water moccasin zombie (D:6)
  A quasit (Abyss:1)
  11 fungi
  7 plants
20 creatures vanquished.

Grand Total: 503 creatures vanquished

Notes
Turn   | Place    | Note
-------+----------+-------------------------------------------
     0 | D:1      | Mrkan the Merfolk Gladiator began the quest for the Orb.
     0 | D:1      | Reached XP level 1. HP: 16/16 MP: 1/1
    88 | D:1      | Reached XP level 2. HP: 23/23 MP: 2/2
   200 | D:1      | Reached skill level 5 in Polearms
   458 | D:2      | Reached XP level 3. HP: 18/28 MP: 3/3
   622 | D:2      | Reached XP level 4. HP: 25/34 MP: 4/4
  1077 | D:2      | Found a faded altar of an unknown god.
  1263 | D:2      | Reached skill level 5 in Dodging
  1283 | D:2      | Found an iron altar of Okawaru.
  1311 | D:2      | Reached XP level 5. HP: 40/41 MP: 5/5
  1416 | D:2      | Became a worshipper of Warmaster Okawaru
  1683 | D:3      | Noticed Robin
  2159 | D:3      | Killed Robin
  2301 | D:3      | Reached XP level 6. HP: 46/48 MP: 6/6
  2429 | D:4      | Found a shadowy altar of Dithmenos.
  2474 | D:4      | Reached * piety under Okawaru
  2705 | D:4      | Noticed Menkaure
  2713 | D:4      | Killed Menkaure
  2713 | D:4      | Reached skill level 6 in Dodging
  2713 | D:4      | Reached XP level 7. HP: 29/55 MP: 7/7
  3165 | D:4      | Noticed Eustachio
  3187 | D:4      | Killed Eustachio
  3187 | D:4      | Reached ** piety under Okawaru
  3187 | D:4      | Reached skill level 5 in Fighting
  3264 | D:5      | Entered Level 5 of the Dungeon
  3269 | D:5      | Reached XP level 8. HP: 62/62 MP: 8/8
  3372 | D:5      | Reached skill level 7 in Dodging
  3388 | D:5      | Reached skill level 10 in Polearms
  3418 | D:5      | Found a shimmering altar of Xom.
  3536 | D:5      | Found an ornate altar of the Wu Jian Council.
  3657 | D:5      | Found a basalt altar of Yredelemnul.
  3988 | D:6      | Noticed Duvessa
  3998 | D:6      | Noticed Dowan
  4004 | D:6      | Killed Duvessa
  4006 | D:6      | Noticed Prince Ribbit
  4014 | D:6      | Killed Dowan
  4021 | D:6      | Killed Prince Ribbit
  4021 | D:6      | Reached *** piety under Okawaru
  4021 | D:6      | Reached skill level 8 in Dodging
  4093 | D:6      | Noticed Pikel
  4115 | D:6      | Killed Pikel
  4115 | D:6      | Reached XP level 9. HP: 34/71 MP: 9/9
  4353 | D:6      | Found a glowing silver altar of Zin.
  4491 | D:6      | Found a basalt altar of Yredelemnul.
  4499 | D:6      | Found an ornate altar of the Wu Jian Council.
  4499 | D:6      | Found a shadowy altar of Dithmenos.
  4570 | D:6      | Reached **** piety under Okawaru
  4743 | D:6      | Found a staircase to the Ecumenical Temple.
  4802 | D:7      | Reached skill level 9 in Dodging
  5025 | D:7      | Found Buwkeel's Food Boutique.
  5159 | D:7      | Found a sparkling altar of Nemelex Xobeh.
  5159 | D:7      | Found a shattered altar of Ashenzari.
  5160 | D:7      | Found a stormy altar of Qazlal.
  5262 | D:7      | Found an opulent altar of Gozag.
  5345 | D:7      | Noticed Harold
  5638 | D:7      | Killed Harold
  5638 | D:7      | Received a gift from Okawaru
  5638 | D:7      | Reached skill level 10 in Dodging
  5638 | D:7      | Reached XP level 10. HP: 70/80 MP: 10/10
  6054 | D:8      | Found a runed translucent door.
  6056 | D:8      | Noticed H0rd4k's ghost (novice HuAr)
  6655 | D:8      | Found a staircase to the Lair.
  6836 | D:8      | Noticed a two-headed ogre
  6855 | D:8      | Killed a two-headed ogre
  6855 | D:8      | Received a gift from Okawaru
  6855 | D:8      | Reached ***** piety under Okawaru
  6855 | D:8      | Reached skill level 15 in Polearms
  7268 | D:8      | Found a sacrificial altar of Ru.
  7779 | D:9      | Reached skill level 11 in Dodging
  8046 | D:9      | Received a gift from Okawaru
  8096 | D:9      | Reached skill level 1 in Shields
  8455 | D:9      | Reached XP level 11. HP: 89/89 MP: 11/11
  8482 | D:9      | Found an ancient bone altar of Kikubaaqudgha.
  8486 | D:9      | Found a shimmering blue altar of Sif Muna.
  8487 | D:9      | Found a radiant altar of Vehumet.
  8489 | D:9      | Identified Kikubaaqudgha's Compendium of Evil Secrets
  9197 | D:10     | Entered Level 10 of the Dungeon
  9346 | D:10     | Found a flagged portal.
  9369 | Bailey   | Entered a bailey
  9534 | Bailey   | Noticed an orc knight
  9535 | Bailey   | Noticed an orc knight
  9603 | Bailey   | Killed an orc knight
  9603 | Bailey   | Received a gift from Okawaru
  9633 | Bailey   | HP: 2/90 [orc knight/+0 trident (26)]
  9651 | Bailey   | HP: 1/90 [orc knight/+0 trident (17)]
 10504 | D:10     | Reached skill level 12 in Dodging
 10504 | D:10     | Reached skill level 5 in Shields
 10681 | D:10     | Reached skill level 10 in Fighting
 10751 | D:10     | Noticed a white ugly thing
 10855 | D:9      | Killed a white ugly thing
 11396 | D:11     | Noticed a deep elf mage
 11396 | D:11     | Noticed a skeletal warrior
 11397 | D:11     | Noticed a death knight
 11398 | D:11     | Noticed a phantasmal warrior
 11495 | Lair:1   | Entered Level 1 of the Lair of Beasts
 11548 | Lair:1   | Noticed a five-headed hydra
 11567 | Lair:1   | Killed a five-headed hydra
 12337 | Lair:1   | Reached XP level 12. HP: 98/98 MP: 12/12
 13184 | Lair:2   | Reached skill level 13 in Dodging
 13750 | Lair:3   | Noticed Fannar
 13776 | Lair:3   | Killed Fannar
 13776 | Lair:3   | Received a gift from Okawaru
 14023 | Lair:3   | Noticed a seven-headed hydra
 14039 | Lair:3   | Killed a seven-headed hydra
 14483 | Lair:3   | Found a hole to the Spider Nest.
 14885 | Lair:4   | Found a staircase to the Shoals.
 14979 | Lair:4   | Found a runed translucent gate.
 14979 | Lair:4   | Found a runed translucent gate.
 14979 | Lair:4   | Found a runed translucent gate.
 14999 | Lair:4   | Noticed Ocaaqon's ghost (journeyman DsCK)
 14999 | Lair:4   | Noticed a 13-headed hydra
 15437 | Lair:4   | You fall into a shaft and drop 1 floor!
 15820 | Lair:5   | Reached skill level 10 in Shields
 15976 | Lair:5   | Reached XP level 13. HP: 84/106 MP: 13/13
 16218 | Lair:5   | Received a gift from Okawaru
 16234 | Lair:5   | Reached skill level 14 in Dodging
 16234 | Lair:5   | Reached XP level 14. HP: 115/115 MP: 14/14
 16311 | Lair:5   | Found a staircase to the Slime Pits.
 16447 | Lair:5   | Noticed Sonja
 16489 | Lair:5   | Killed Sonja
 17779 | Lair:6   | Entered Level 6 of the Lair of Beasts
 18052 | Lair:6   | Received a gift from Okawaru
 19451 | Lair:6   | Reached skill level 15 in Shields
 19652 | Lair:6   | Reached ****** piety under Okawaru
 19652 | Lair:6   | Reached skill level 15 in Dodging
 19652 | Lair:6   | Reached XP level 15. HP: 117/122 MP: 15/15
 19680 | Lair:6   | Found a large runed translucent door.
 19680 | Lair:6   | Found a large runed translucent door.
 19823 | Lair:6   | Received a gift from Okawaru
 19824 | Lair:6   | Got a jewelled trident {god gift}
 19826 | Lair:6   | Identified the +1 trident of the Goat {elec, MR+ Str+6}
                  | (Okawaru gifted it to you on level 6 of the Lair of Beasts)
 20478 | D:11     | Noticed Psyche
 20485 | D:11     | Cast into level 1 of the Abyss (Psyche)
 20789 | Abyss:1  | Reached skill level 16 in Dodging
 20914 | Abyss:1  | Gained mutation: Your body sometimes deteriorates upon
                  | taking damage. [a neqoxec]
 21126 | Abyss:1  | Gained mutation: Potions are less effective at restoring
                  | your health. [a neqoxec]
 21128 | Abyss:1  | Gained mutation: You are clumsy. (Dex -2) [a neqoxec]
 21188 | Abyss:1  | Noticed a balrug
 21189 | Abyss:1  | Noticed a hellephant
 21200 | Abyss:1  | Gained mutation: Your magical capacity is low. (-10% MP) [a
                  | neqoxec]
 21204 | Abyss:1  | HP: 6/124 [burnt (3)]
 21204 | Abyss:1  | Killed from afar by a balrug

Levels and vault maps discovered:
D:1:      dpeg_arrival_tiny_d, layout_rooms, minmay_hexomino_f4
D:2:      layout_basic, okawaru_trees_2, chequers_ecumenical_altar_lobes
D:3:      layout_rooms, first_ration, minmay_misc_feat_columns, uniq_robin
D:4:      layout_rooms, minmay_misc_feat_x, chequers_serial_rivers_micro_b,
          grunt_dithmenos_smoke, uniq_eustachio, uniq_menkaure
D:5:      layout_loops_ring, kennysheep_mini_moat, basic_altar,
          brannock_xom_greatest_gift
D:6:      layout_cave_pools, nicolae_overflow_hidden_temple,
          grunt_temple_overflow_open, minmay_temple_entry_fiery,
          yredelemnul_altar_generic, uniq_duvessa, uniq_pikel,
          uniq_prince_ribbit1
D:7:      layout_loops_ring, nicolae_overflow_quartered_altars, serial_shops,
          shop_statue, uniq_harold
D:8:      layout_gridville, hangedman_ru_absence, erik_lair_island,
          gammafunk_ghost_grave
D:9:      layout_basic, grunt_temple_overflow_magic_moments, the_bakery
D:10:     wad_woods_structure_01, layout_irregular_city, enter_bailey_3,
          minmay_fractal_squares_5
D:11:     layout_rooms, serial_shops, nicolae_shop_trees, uniq_psyche,
          uniq_erolcha
Lair:1:   layout_hall_layers, grunt_megastairs_5
Lair:2:   layout_cave_pods
Lair:3:   layout_loops_ring, spider_nest_entry_webs, beast_lair_carwin_3,
          grunt_megastairs_3, uniq_fannar
Lair:4:   layout_loops_ring, minmay_shoals_entry_beasts,
          gammafunk_ghost_hydra_chop
Lair:5:   layout_concentric_octagons, minmay_slime_entry_pillars,
          serial_bayou_pond_e, lemuel_fruit_fields, minmay_lair_oklob_chamber,
          lemuel_fruit_fields, uniq_sonja
Lair:6:   cheibrodos_lair_end_hotspot, layout_regular_city,
          chequers_serial_rivers_room_a, lemuel_fruit_tree
Abyss:1:  base:
D:7

Skill      XL: |  1  2  3  4  5  6  7  8  9 10 11 12 13 14 15 |
---------------+----------------------------------------------+-----
Polearms       | 5 6 7 8 9 12 14 15 | 15.7
Fighting       | 3 4 5 6 7 9 10 11 12 13 | 13.4
Dodging        | 5 6 8 10 11 12 13 14 15 16 | 16.9
Shields        | 1 7 10 12 15 | 15.0
Throwing       | |  2.0

Action                   |  1- 3 |  4- 6 |  7- 9 | 10-12 | 13-15 || total
-------------------------+-------+-------+-------+-------+-------++-------
Melee: Trident           |    68 |   181 |       |       |   307 ||   556
       Spear             |       |    49 |   284 |  1098 |   921 ||  2352
       Tailslap          |       |       |       |     3 |    22 ||    25
Throw: Throwing net      |       |       |       |     2 |       ||     2
       Javelin           |       |       |       |       |     6 ||     6
Invok: Heroism           |       |       |     1 |       |     2 ||     3
  Use: Potion            |       |       |     2 |     4 |     6 ||    12
       Scroll            |       |       |       |    28 |     8 ||    36
 Stab: Sleeping          |     1 |       |     2 |     4 |       ||     7
       Distracted        |       |       |       |       |     1 ||     1
  Eat: Chunk             |       |     6 |     6 |    28 |     9 ||    49
       Ration            |       |       |     1 |     2 |     3 ||     6
Armor: Leather armour    |    26 |    71 |    50 |    11 |       ||   158
       Troll leather arm |       |       |       |   129 |    68 ||   197
Dodge: Dodged            |    67 |   122 |   120 |   610 |   550 ||  1469
Block: Shield            |    21 |    80 |    68 |   433 |   460 ||  1062
